 Dungeon Crawl Stone Soup version 0.24-a0-474-g47c397e050 (webtiles) character file.

Game seed: 5155271494218094386

7320 tortuga the Fighter (level 10, -3/132 HPs)
             Began as a Demonspawn Berserker on July 5, 2019.
             Was a High Priest of Trog.
             Slain by a purple ugly thing (19 damage)
             ... on level 8 of the Dungeon.
             The game lasted 00:33:39 (7818 turns).

tortuga the Fighter (Demonspawn Berserker)          Turns: 7818, Time: 00:33:39

Health: -3/132     AC: 15    Str: 25    XL:     10   Next: 90%
Magic:  15/15      EV: 20    Int: 10    God:    Trog [*****.]
Gold:   418        SH:  6    Dex: 25    Spells: 9/9 levels left

rFire    . . .     SeeInvis .   K - +1 hand axe of Inconvenience {chaos, rElec Int+2 Dex+3}
rCold    + . .     Gourm    .   o - +0 buckler
rNeg     . . .     Faith    .   D - +3 ring mail {rPois}
rPois    +         Spirit   .   f - +1 hat
rElec    +         Reflect  .   B - +0 cloak
rCorr    .         Harm     +   U - +1 pair of gloves {Dex+3}
MR       .....                  (boots unavailable)
Stlth    ..........             j - amulet of harm
HPRegen  0.32/turn              s - +1 ring of protection
MPRegen  0.14/turn              (no ring)

@: agile, berserking, very quick
A: talons 3, cold resistance 1, powered by pain 2
a: Berserk, Trog's Hand, Brothers in Arms, Renounce Religion


You were on level 8 of the Dungeon.
You worshipped Trog.
Trog was extremely pleased with you.
You were near starving.

You visited 2 branches of the dungeon, and saw 9 of its levels.
You also visited: Sewer.

You collected 418 gold pieces.

Inventory:

Hand Weapons
 l - a +2 mace of protection
 r - a +6 longbow
 u - a +2 hunting sling of freezing
 y - a +0 dagger of freezing
 F - a +2 antimagic short sword
 G - a +0 antimagic club
 I - a +4 dagger of venom
 K - the +1 hand axe of Inconvenience (weapon) {chaos, rElec Int+2 Dex+3}
   (You took it off an orc on level 3 of the Dungeon)

   Each time it hits an enemy it has a different, random effect.
   It affects your intelligence (+2).
   It affects your dexterity (+3).
   It insulates you from electricity.
 N - a +0 short sword of venom
 O - a +2 dagger of flaming
 Q - a +1 halberd of freezing
Missiles
 h - 120 sling bullets
 m - 58 arrows
 v - 128 stones (quivered)
 P - 2 silver boomerangs
Armour
 f - a +1 hat (worn)
 o - a +0 buckler (worn)
 B - a +0 cloak (worn)
 D - a +3 ring mail of poison resistance (worn)
 L - a +4 ring mail
 U - a +1 pair of gloves of dexterity (worn)
Jewellery
 a - an uncursed amulet of magic regeneration {unknown}
 j - an amulet of harm (around neck)
 s - a +1 ring of protection (left hand)
 S - an uncursed ring of see invisible {unknown}
Wands
 t - a wand of digging (5)
 w - a wand of flame (10)
Scrolls
 b - 2 scrolls of noise {unknown}
 d - 2 scrolls of fear
 g - a scroll of amnesia {unknown}
 i - 10 scrolls of identify
 n - 2 scrolls of remove curse
 q - 2 scrolls of teleportation
 A - 3 scrolls of blinking {unknown}
 E - 2 scrolls of enchant armour {unknown}
 H - 5 scrolls of magic mapping
 T - a scroll of brand weapon {unknown}
Potions
 k - a potion of magic
 p - 2 potions of agility
 x - 2 potions of curing
 z - 3 potions of degeneration {unknown}
 C - 2 potions of heal wounds
 J - a potion of berserk rage {unknown}
 R - 3 potions of lignification {unknown}
Comestibles
 c - 20 rations


   Skills:
 + Level 11.6 Fighting
   Level 3.7 Long Blades
 - Level 6.5 Armour
 - Level 4.7 Dodging
 - Level 4.2 Shields
 - Level 7.0 Evocations


You had 9 spell levels left.
You didn't know any spells.
Your spell library contained the following spells:

 Spells                   Type           Power        Failure   Level  Hunger
 Animate Skeleton         Necr           N/A          50%         1    ##.....
 Pain                     Necr           #...         50%         1    ##.....
 Shock                    Conj/Air       #...         50%         1    ##.....
 Swiftness                Chrm/Air       #.......     63%         2    ###....
 Regeneration             Chrm/Necr      #.........   86%         3    ####...
 Static Discharge         Conj/Air       #.......     86%         3    ####...
 Vampiric Draining        Necr           #.........   86%         3    ####...
 Airstrike                Air            #.........   99%         4    #####..
 Animate Dead             Necr           N/A          99%         4    #####..
 Lightning Bolt           Conj/Air       #.........   100%        5    ######.


Dungeon Overview and Level Annotations

Branches:
Dungeon (8/15)             Temple (1/1) D:4
   Lair: D:8-11

Altars:
Ashenzari
Cheibriados
Dithmenos
Elyvilon
Fedhas
Gozag
Hepliaklqana
Kikubaaqudgha
Makhleb
Nemelex Xobeh
Okawaru
Qazlal
Ru
Sif Muna
Trog
Uskayaw
Vehumet
Wu Jian
Xom
Yredelemnul
Zin
The Shining One
Beogh

Shops:
D:6 :


Innate Abilities, Weirdness & Mutations

You have claws for feet.
Your flesh is cold resistant. (rC+)
You sometimes gain power by taking damage.


Message History

You slash something!
Nothing appears to happen.
You claw something. Something barely misses you. Something headbutts you.
* * * LOW HITPOINT WARNING * * *
You slash something! Lightning courses through something!
Your kick misses something.
Something headbutts you but does no damage.
You block something's attack.
You hit something. Your kick misses something. Something headbutts you.
* * * LOW HITPOINT WARNING * * *
You block something's attack.
You hit something but do no damage. You claw something.
Something headbutts you!
* * * LOW HITPOINT WARNING * * *
Something headbutts you.
* * * LOW HITPOINT WARNING * * *
A red film seems to cover your vision as you go berserk!
You feel yourself moving faster!
You feel mighty!
You are near starving!
Something headbutts you!
You die...

##..........##
#.............# ##.##########
#.............# #..#
#...........#.. #..#
#...)......###. ##..#
#..........# ## #...#
######+##.<.......## #. ##..#
#?./#...#)........# ##. #..#
+...#.{.#.######### #.. #..#
#.@.#.## ##..
###..##########'##..# #...
##....#...#...#...#..######
#...
#.....'...')..')..#........
##..
......#...#...#...#.........
#..
......#############.........#
##. ..........#
#.............## #.
..........# ##.............#
## ...........#
#.............#


There were no monsters in sight!

Vanquished Creatures
  2 two-headed ogres (D:8)
  Joseph (D:8)
  The ghost of Krouwed the Grasshopper, a novice DrWr (D:5)
  Prince Ribbit (D:5)
  Grinder (D:5)
  2 hippogriffs (D:7)
  The ghost of Titania the Digger, an amateur GrEE of Cheibriados (D:3)
  Eustachio (D:5)
  2 yaks (D:7)
  3 hogs (D:7)
  A human (D:7)
  A water moccasin (D:7)
  3 orc warriors
  2 ice beasts
  2 sky beasts
  A phantom (D:4)
  2 eyes of draining (D:3)
  A hornet zombie (D:8)
  4 centaurs
  Blork the orc (D:4)
  A big kobold (D:8)
  6 bullfrogs
  3 scorpions
  A howler monkey (D:6)
  2 crimson imps (D:6)
  7 hounds
  A quasit (D:8)
  4 bullfrog skeletons
  3 orc priests
  2 orc wizards
  A centaur skeleton (D:7)
  Ijyb (D:2)
  10 worker ants
  A killer bee zombie (D:8)
  A hound skeleton (D:8)
  A worker ant zombie (D:7)
  12 gnolls
  11 adders
  3 shadow imps
  19 oozes
  An adder zombie (D:6)
  An adder skeleton (D:7)
  3 worms
  A dart slug (D:1)
  10 leopard geckos
  32 orcs
  7 bats
  21 giant cockroaches
  14 goblins
  8 hobgoblins
  2 jackals (D:7)
  3 quokkas
  17 ball pythons
  14 frilled lizards
  8 kobolds
  3 quokka skeletons
  3 rats
271 creatures vanquished.

Notes
Turn   | Place    | Note
-------+----------+-------------------------------------------
     0 | D:1      | tortuga the Demonspawn Berserker began the quest for the
                  | Orb.
     0 | D:1      | Reached XP level 1. HP: 18/18 MP: 1/1
    47 | D:1      | Gained mutation: You have sharp toenails. [demonic
                  | ancestry]
    47 | D:1      | Reached XP level 2. HP: 4/24 MP: 2/2
   419 | D:1      | Found a shattered altar of Ashenzari.
   731 | D:1      | Gained mutation: Your flesh is cold resistant. (rC+)
                  | [demonic ancestry]
   731 | D:1      | Reached XP level 3. HP: 25/29 MP: 3/3
   916 | D:2      | Found a hazy altar of Hepliaklqana.
  1054 | D:2      | Reached ** piety under Trog
  1191 | D:2      | Reached XP level 4. HP: 37/37 MP: 4/4
  1309 | D:2      | Noticed Ijyb
  1318 | D:2      | Killed Ijyb
  1318 | D:2      | Reached skill level 4 in Fighting
  1937 | D:3      | Reached XP level 5. HP: 42/42 MP: 5/5
  1958 | D:3      | Found an ornate altar of the Wu Jian Council.
  2099 | D:3      | Reached skill level 1 in Shields
  2106 | D:3      | Reached *** piety under Trog
  2117 | D:3      | Noticed an eye of draining
  2118 | D:3      | Found a bloodstained altar of Trog.
  2118 | D:3      | Noticed an eye of draining
  2131 | D:3      | Killed an eye of draining
  2131 | D:3      | Gained mutation: You sometimes gain a little power by
                  | taking damage. [demonic ancestry]
  2131 | D:3      | Reached XP level 6. HP: 49/49 MP: 0/6
  2214 | D:3      | Found a runed translucent gate.
  2217 | D:3      | Found a glowing drain.
  2236 | Sewer    | Entered a sewer
  2430 | Sewer    | Gained mutation: You have razor-sharp toenails. [demonic
                  | ancestry]
  2430 | Sewer    | Reached XP level 7. HP: 55/55 MP: 7/7
  2443 | Sewer    | Reached **** piety under Trog
  2595 | Sewer    | Reached skill level 5 in Fighting
  3006 | D:3      | Noticed Titania's ghost (amateur GrEE)
  3007 | D:3      | Found a runed translucent gate.
  3007 | D:3      | Found a runed translucent gate.
  3007 | D:3      | Identified the cursed +1 hand axe of Inconvenience {chaos,
                  | rElec Int+2 Dex+3}
  3010 | D:3      | Found a roughly hewn altar of Beogh.
  3324 | D:4      | Reached ***** piety under Trog
  3482 | D:4      | Noticed Blork the orc
  3490 | D:4      | Killed Blork the orc
  3725 | D:4      | Gained mutation: You have claws for feet. [demonic
                  | ancestry]
  3725 | D:4      | Reached XP level 8. HP: 63/63 MP: 8/8
  3795 | D:4      | Found a staircase to the Ecumenical Temple.
  3801 | Temple   | Entered the Ecumenical Temple
  4127 | D:5      | Entered Level 5 of the Dungeon
  4128 | D:5      | Reached skill level 5 in Armour
  4180 | D:5      | Found a runed translucent door.
  4180 | D:5      | Noticed Krouwed's ghost (novice DrWr)
  4189 | D:5      | Killed Krouwed's ghost
  4285 | D:3      | Killed Titania's ghost
  4285 | D:3      | Reached skill level 6 in Fighting
  4463 | D:5      | Noticed Eustachio
  4520 | D:5      | Killed Eustachio
  4543 | D:5      | Noticed Grinder
  4570 | D:5      | Paralysed by Grinder for 6 turns
  4578 | D:5      | Paralysed by Grinder for 4 turns
  4588 | D:5      | Paralysed by Grinder for 4 turns
  4597 | D:5      | Killed Grinder
  4597 | D:5      | Gained mutation: You sometimes gain power by taking damage.
                  | [demonic ancestry]
  4597 | D:5      | Reached XP level 9. HP: 33/69 MP: 2/10
  4953 | D:5      | Noticed Prince Ribbit
  4963 | D:5      | Killed Prince Ribbit
  4975 | D:5      | Found a deep blue altar of Sif Muna.
  5398 | D:6      | Reached skill level 5 in Evocations
  5399 | D:6      | Found Zokki's Book Shop.
  5447 | D:6      | Received a gift from Trog
  5463 | D:6      | Found a shadowy altar of Dithmenos.
  5463 | D:6      | Found an iron altar of Okawaru.
  5778 | D:6      | Found a blossoming altar of Fedhas.
  5885 | D:6      | Found a shattered altar of Ashenzari.
  5885 | D:6      | Found a snail-covered altar of Cheibriados.
  6076 | D:6      | Found a sacrificial altar of Ru.
  6199 | D:7      | Reached skill level 7 in Fighting
  6369 | D:7      | Reached skill level 8 in Fighting
  6369 | D:7      | Reached XP level 10. HP: 49/80 MP: 15/15
  6892 | D:7      | Reached skill level 9 in Fighting
  7128 | D:8      | Noticed a two-headed ogre
  7143 | D:8      | Killed a two-headed ogre
  7143 | D:8      | Reached skill level 10 in Fighting
  7248 | D:8      | Noticed a two-headed ogre
  7248 | D:8      | Noticed Joseph
  7254 | D:8      | Killed a two-headed ogre
  7254 | D:8      | Reached skill level 11 in Fighting
  7270 | D:8      | Killed Joseph
  7623 | D:8      | Found a shimmering altar of Xom.
  7807 | D:8      | Noticed a purple ugly thing
  7818 | D:8      | Slain by a purple ugly thing

Levels and vault maps discovered:
D:1:      lightli_arrival_isolated_outpost, layout_rooms,
          kennysheep_decorative_pillar, evilmike_ruin_ashenzari
D:2:      kennysheep_the_goblin_king, layout_loops_corners, old_standard_altar,
          first_ration
D:3:      layout_rooms, lemuel_doored_altar, biasface_ghost_orc_armoury,
          portal_sewer_entry_d, trog_eyes_of_draining
D:4:      layout_cave_pods, minmay_temple_entry_fiery, uniq_blork_the_orc
D:5:      layout_loops_ring, lemuel_coloured_pillars_altar,
          ebering_ghost_reflecting_pool, uniq_prince_ribbit1, uniq_grinder,
          uniq_eustachio
D:6:      minmay_clustersquares, layout_cave_pools,
          gammafunk_temple_overflow_elements, gammafunk_temple_overflow_wave,
          marbit_many_paths, serial_shops, nicolae_shop_crystal, fedhas_altar_3
D:7:      layout_cave_pools, kennysheep_crisscross, minmay_misc_feat_columns,
          grunt_livestock, chequers_serial_rivers_micro_a
D:8:      layout_cave_pods, kennysheep_mini_moat, kennysheep_nondescript,
          minmay_evil_grid, uniq_joseph
Temple:   oiseaux_autumnal_temple

Skill      XL: |  1  2  3  4  5  6  7  8  9 10 |
---------------+-------------------------------+-----
Long Blades    | 3 |  3.7
Armour         | 2 3 4 6 |  6.5
Dodging        | 2 3 4 |  4.7
Fighting       | 4 5 6 8 11 | 11.6
Shields        | 1 3 4 |  4.2
Evocations     | 2 7 |  7.0

Action                   |  1- 3 |  4- 6 |  7- 9 | 10-12 || total
-------------------------+-------+-------+-------+-------++-------
Melee: Falchion          |    41 |       |       |       ||    41
       Kick              |    12 |    46 |   140 |    50 ||   248
       Mace              |    40 |    20 |       |       ||    60
       Dagger            |       |   166 |   158 |       ||   324
       Hand axe          |       |       |   212 |   116 ||   328
       Short sword       |       |       |    25 |       ||    25
 Fire: Hunting sling     |       |       |    30 |       ||    30
       Longbow           |       |       |     1 |       ||     1
Invok: Berserk           |     3 |     5 |    13 |     4 ||    25
  Use: Potion            |       |     4 |     3 |       ||     7
       Scroll            |       |     4 |     2 |       ||     6
 Stab: Sleeping          |     1 |       |       |       ||     1
       Paralysed         |       |       |     1 |     1 ||     2
  Eat: Chunk             |     4 |     5 |    21 |     8 ||    38
       Ration            |       |     1 |     1 |       ||     2
Armor: Animal skin       |     2 |       |       |       ||     2
       Ring mail         |    11 |       |   137 |    66 ||   214
       Scale mail        |    24 |    92 |    89 |       ||   205
Dodge: Dodged            |    56 |   128 |   287 |    80 ||   551
Block: Buckler           |     6 |    43 |    97 |     7 ||   153
       Rpst.: Falchion   |     4 |       |       |       ||     4

Table legend:
 A = Non-vault XP
 B = Vault XP
 C = Vault XP percentage of total XP
 D = Non-vault monster count
 E = Vault monster count
 F = Vault count percentage of total count
                 A         B        C        D         E       F
            +---------+---------+-------+---------+---------+-------
      Total |    5840 |    4618 |  44.2 |     161 |     110 |  40.6
            +---------+---------+-------+---------+---------+-------
        D:1 |      43 |       0 |   0.0 |      19 |       0 |   0.0
        D:2 |      67 |      47 |  41.2 |      23 |       7 |  23.3
        D:3 |     182 |     517 |  74.0 |      22 |      11 |  33.3
        D:4 |     349 |     100 |  22.3 |      16 |       1 |   5.9
        D:5 |     591 |    1181 |  66.6 |      18 |       4 |  18.2
        D:6 |     736 |     430 |  36.9 |      23 |       9 |  28.1
        D:7 |    1598 |    1204 |  43.0 |      27 |       6 |  18.2
        D:8 |    2274 |     706 |  23.7 |      13 |       4 |  23.5
      Sewer |       0 |     433 | 100.0 |       0 |      68 | 100.0
            +---------+---------+-------+---------+---------+-------
